 Dungeon Crawl Stone Soup version 0.25-a0-558-g78a2afb0af (webtiles) character file.

Game seed: 3523351764515189974, levelgen mode: classic

13 EnegeticOcto the Shield-Bearer (level 2, 0/27 HPs)
             Began as a Deep Dwarf Fighter on Feb 24, 2020.
             Slain by a gnoll
             ... wielding a +0 spear
              (3 damage)
             ... on level 2 of the Dungeon.
             The game lasted 00:00:06 (44 turns).

EnegeticOcto the Shield-Bearer (Deep Dwarf Fighter)   Turns: 44, Time: 00:00:07

Health: 0/27       AC:  6    Str: 19    XL:     2   Next: 24%
Magic:  1/1        EV:  7    Int:  8    God:
Gold:   0          SH:  9    Dex: 12    Spells: 1/1 levels left

rFire    . . .     SeeInvis .   a - +0 war axe
rCold    . . .     Gourm    .   c - +0 kite shield
rNeg     . . .     Faith    .   b - +0 scale mail
rPois    .         Spirit   .   (no helmet)
rElec    .         Reflect  .   (no cloak)
rCorr    .         Harm     .   (no gloves)
MR       .....                  (no boots)
Stlth    ..........             (no amulet)
HPRegen  0.00/turn              (no ring)
MPRegen  0.07/turn              (no ring)

@: non-regenerating
A: damage resistance, heal wounds, sense surroundings 1, no regeneration
a: Heal Wounds


You were on level 2 of the Dungeon.
You were not hungry.

You visited 1 branch of the dungeon, and saw 2 of its levels.

Inventory:

Hand Weapons
 a - a +0 war axe (weapon)
Armour
 b - a +0 scale mail (worn)
 c - a +0 kite shield (worn)
Potions
 k - a potion of might {@q3}
Comestibles
 d - 2 chunks of flesh
 e - a ration


   Skills:
 * Level 2.9 Fighting
 * Level 2.5 Axes
 + Level 3.4 Armour
 + Level 0.4 Dodging
 + Level 3.4 Shields


You had one spell level left.
You didn't know any spells.
Your spell library was empty.

Dungeon Overview and Level Annotations

Branches:
Dungeon (1/15)

Altars:


Innate Abilities, Weirdness & Mutations

You are resistant to damage.
You can heal yourself by infusing magical energy.
You passively map a small area around you.
You do not regenerate.


Message History

You butcher the rat corpse.
d - 2 chunks of flesh (gained 1)
You see here a rat skeleton. x2
You fall into a shaft and drop 1 floor!
The shaft crumbles and collapses.
Found 32 gold pieces.
A ball python comes into view.
The ball python hisses angrily.
A ball python is nearby!
A gnoll comes into view.
The gnoll shouts!
The ball python bites you. The ball python grabs you.
The ball python constricts you.
You hit the ball python but do no damage.
You block the ball python's attack. The ball python constricts you.
The ball python bites you but does no damage.
The ball python constricts you.
A gnoll comes into view. It is wielding a +0 spear.
The gnoll shouts!
You hit the ball python.
You kill the ball python!
A gnoll comes into view. It is wielding a +0 whip.
You see here a ball python corpse.
The gnoll shouts!
You hit the gnoll.
The gnoll is lightly wounded.
You hear a shout!
You block the gnoll's attack.
A gnoll comes into view.
Your shield and scale mail prevent you from hitting the gnoll.
The gnoll hits you from afar with a +0 spear!
The gnoll barely misses you. You block the gnoll's attack. x2
You hit the gnoll.
The gnoll is lightly wounded.
You block the gnoll's attack. The gnoll closely misses you.
You closely miss the gnoll.
The gnoll is lightly wounded.
The gnoll hits you but does no damage. The gnoll closely misses you.
The gnoll hits you.
There are monsters nearby!
There are monsters nearby!
You closely miss the gnoll.
The gnoll is lightly wounded.
The gnoll hits you.
You hit the gnoll.
The gnoll is heavily wounded.
You barely miss the gnoll. The gnoll hits you but does no damage.
You block the gnoll's attack. The gnoll hits you but does no damage.
You closely miss the gnoll.
The gnoll is heavily wounded.
You closely miss the gnoll. The gnoll hits you.
The gnoll hits you but does no damage. The gnoll barely misses you.
You block the gnoll's attack. x2
You are too injured to fight recklessly!
You are too injured to fight recklessly!
You are too injured to fight recklessly!
You are too injured to fight recklessly!
You are too injured to fight recklessly!
Your magical essence is drained by the effort!
You feel much better.
The gnoll hits you from afar with a +0 spear.
The gnoll hits you. You block the gnoll's attack.
You hit the gnoll but do no damage.
The gnoll is heavily wounded.
You barely miss the gnoll. You block the gnoll's attack. The gnoll hits you.
You block the gnoll's attack.
The gnoll hits you from afar with a +0 spear.
The gnoll barely misses you.
You don't have enough innate magic capacity.
You slash the gnoll!
You kill the gnoll!
You have reached level 2!
You closely miss the gnoll. The gnoll hits you but does no damage.
The gnoll hits you from afar with a +0 spear.
The gnoll hits you with a +0 whip.
You slash the gnoll!
The gnoll is severely wounded.
You block the gnoll's attack. The gnoll hits you with a +0 whip.
* * * LOW HITPOINT WARNING * * *
You block the gnoll's attack.
You are too injured to fight recklessly!
You are too injured to fight recklessly!
You are too injured to fight recklessly!
You are too injured to fight recklessly!
You are too injured to fight recklessly!
You are too injured to fight recklessly!
You are too injured to fight recklessly!
You are too injured to fight recklessly!
The gnoll hits you with a +0 whip.
* * * LOW HITPOINT WARNING * * *
The gnoll hits you with a +0 whip.
* * * LOW HITPOINT WARNING * * *
The gnoll hits you.
* * * LOW HITPOINT WARNING * * *
The gnoll hits you but does no damage.
You closely miss the gnoll. You hit the gnoll.
Your shield and scale mail prevent you from hitting the gnoll.
The gnoll hits you with a +0 whip. The gnoll hits you.
The gnoll hits you with a +0 spear.
You die...

* #.# , #.# ### ,
#.#...,* *
.######.#.## *
...........# * ,
#######.####
#.....# # ,
*#####..#g##.#####
,.......$†.@g......
,
######..#g##.##.##
......... # *
#.#.$.#.### #
#......,* ,*
,##..#.# * .....#,,
* ##..#.# * , , ,


You could see 3 gnolls.

Vanquished Creatures
  A gnoll (D:2)
  A ball python (D:2)
  A kobold (D:1)
  2 rats (D:1)
5 creatures vanquished.

Notes
Turn   | Place    | Note
-------+----------+-------------------------------------------
     0 | D:1      | EnegeticOcto the Deep Dwarf Fighter began the quest for the
                  | Orb.
     0 | D:1      | Reached XP level 1. HP: 20/20 MP: 1/1
    24 | D:1      | You fall into a shaft and drop 1 floor!
    40 | D:2      | Reached XP level 2. HP: 16/27 MP: 1/1
    44 | D:2      | Slain by a gnoll

Levels and vault maps discovered:
D:1:      tarquinn_simple_flora_water_d, layout_basic,
          hangedman_abyss_or_decor_stabs, chequers_garden
D:2:      layout_basic, nicolae_overflow_hidden_temple,
          chequers_ecumenical_altar_twisty, uniq_natasha, uniq_sigmund,
          uniq_robin

Action                   || total
-------------------------++-------
Melee: War axe           ||    16
 Abil: Heal Wounds       ||     1
Armor: Scale mail        ||     8
Dodge: Dodged            ||     7
Block: Kite shield       ||    13

Table legend:
 A = Non-vault XP
 B = Vault XP
 C = Vault XP percentage of total XP
 D = Non-vault monster count
 E = Vault monster count
 F = Vault count percentage of total count
                 A         B        C        D         E       F
            +---------+---------+-------+---------+---------+-------
      Total |      19 |       0 |   0.0 |       5 |       0 |   0.0
            +---------+---------+-------+---------+---------+-------
        D:1 |       3 |       0 |   0.0 |       3 |       0 |   0.0
        D:2 |      16 |       0 |   0.0 |       2 |       0 |   0.0
            +---------+---------+-------+---------+---------+-------
